TOP OF THE 1ST |
Mile High Broncos batting - Pitching for Houston Hammertime : RHP Norberto Méndez
|
Pitching: RHP Norberto Méndez
|
|
Batting: RHB Juan Gonzáles
|
0-0: Called Strike 0-1: Foul Ball, location: 2F 0-2: Ball 1-2: Strikes out swinging
|
Batting: RHB Damian Yates
|
0-0: Ball 1-0: Foul Ball, location: 2F 1-1: Ball 2-1: SINGLE (Line Drive, 4MD)
|
Batting: RHB Juan Jose Guevana
|
0-0: Called Strike 0-1: Grounds into double play, 6-4-3 (Groundball, 6)
|
Top of the 1st over - 0 run(s), 1 hit(s), 0 error(s), 0 left on base; Mile High 0 - Houston 0 |
BOTTOM OF THE 1ST |
Houston Hammertime batting - Pitching for Mile High Broncos : RHP Hokusai Nakashima
|
Pitching: RHP Hokusai Nakashima
|
|
Batting: RHB Santo Cruz
|
0-0: Ball 1-0: Foul Ball, location: 2F 1-1: Ball 2-1: Ball 3-1: Foul Ball, location: 2F 3-2: SINGLE (Groundball, 56)
|
Batting: LHB José Villegas
|
0-0: Swinging Strike 0-1: Foul Ball, location: 2F 0-2: Ball 1-2: DOUBLE (Line Drive, 3L) Santo Cruz to third
|
Batting: RHB Buck Jones
|
0-0: Called Strike 0-1: Swinging Strike 0-2: Ball 1-2: Foul Ball, location: 2F 1-2: Fly out, F6 (Line Drive, 6)
|
Batting: RHB Gerald Burnett
|
0-0: Ball 1-0: Ground out 5-3 (Groundball, 56) Santo Cruz scores
|
Batting: LHB Felipe Cruz
|
0-0: Foul Ball, location: 2F 0-1: Ball 1-1: Ball 2-1: Ground out 1-3 (Groundball, 25)
|
Bottom of the 1st over - 1 run(s), 2 hit(s), 0 error(s), 1 left on base; Mile High 0 - Houston 1 |
TOP OF THE 2ND |
Mile High Broncos batting - Pitching for Houston Hammertime : RHP Norberto Méndez
|
Batting: LHB Diego González
|
0-0: Called Strike 0-1: Called Strike 0-2: SINGLE (Line Drive, 89S)
|
Batting: RHB Phil White
|
0-0: Foul Ball, location: 2F 0-1: Ball Diego González steals 2nd base 1-1: Foul Ball, location: 2F 1-2: Ball 2-2: Ball 3-2: Strikes out swinging
|
Batting: LHB Bill Houston
|
0-0: Called Strike 0-1: Foul Ball, location: 2F 0-2: Foul Ball, location: 2F 0-2: Foul Ball, location: 2F 0-2: Ball 1-2: SINGLE (Groundball, 4MD) Diego González to third Runner from 3rd tries for Home, SAFE, no throw or cutoff
|
Batting: RHB José Herrera
|
0-0: Ball 1-0: Called Strike 1-1: Swinging Strike 1-2: Ball 2-2: SINGLE (Line Drive, 56) Bill Houston to second
|
Batting: RHB Michael MacDonald
|
0-0: Fly out, F4 (Line Drive, 4M)
|
Batting: RHB Ximena Campos
|
0-0: Fielders Choice at 2nd, 6-4 (Groundball, 6MS)
|
Top of the 2nd over - 1 run(s), 3 hit(s), 0 error(s), 1 left on base; Mile High 1 - Houston 1 |
BOTTOM OF THE 2ND |
Houston Hammertime batting - Pitching for Mile High Broncos : RHP Hokusai Nakashima
|
Batting: RHB Moo-hyun Pak
|
0-0: Swinging Strike 0-1: Called Strike 0-2: Ball 1-2: Ground out 6-3 (Groundball, 6)
|
Batting: RHB Robert Powell
|
0-0: Called Strike 0-1: Foul Ball, location: 2F 0-2: Strikes out swinging
|
Batting: RHB Mario Beltrán
|
0-0: Ground out 6-3 (Groundball, 6)
|
Bottom of the 2nd over - 0 run(s), 0 hit(s), 0 error(s), 0 left on base; Mile High 1 - Houston 1 |
TOP OF THE 3RD |
Mile High Broncos batting - Pitching for Houston Hammertime : RHP Norberto Méndez
|
Batting: RHB Juan Gonzáles
|
0-0: Foul Ball, location: 2F 0-1: Ball 1-1: Ground out 4-3 (Groundball, 34)
|
Batting: RHB Damian Yates
|
0-0: Ball 1-0: Ball 2-0: Ball 3-0: Called Strike 3-1: Base on Balls
|
Batting: RHB Juan Jose Guevana
|
0-0: Called Strike 0-1: Swinging Strike 0-2: Ball 1-2: Foul Ball, location: 2F 1-2: Ball 2-2: Ball 3-2: Fly out, F4 (Popup, 4)
|
Batting: LHB Diego González
|
0-0: Foul Ball, location: 2F 0-1: Ball 1-1: Ball Wild Pitch! Damian Yates to second 2-1: Called Strike 2-2: Ball 3-2: Foul Ball, location: 2F 3-2: Foul Ball, location: 2F 3-2: Foul Ball, location: 2F 3-2: Foul Ball, location: 2F 3-2: Foul Ball, location: 2F 3-2: Base on Balls
|
Batting: RHB Phil White
|
0-0: Foul Ball, location: 2F 0-1: Swinging Strike 0-2: Strikes out swinging
|
Top of the 3rd over - 0 run(s), 0 hit(s), 0 error(s), 2 left on base; Mile High 1 - Houston 1 |
BOTTOM OF THE 3RD |
Houston Hammertime batting - Pitching for Mile High Broncos : RHP Hokusai Nakashima
|
Batting: LHB Fernando Camacho
|
0-0: Ball 1-0: Called Strike 1-1: Ball 2-1: Ball 3-1: Foul Ball, location: 2F 3-2: Base on Balls
|
Batting: RHB Santo Cruz
|
0-0: Ball 1-0: Called Strike 1-1: Ball 2-1: Ball 3-1: SINGLE (Popup, 6D) Fernando Camacho to second
|
Batting: LHB José Villegas
|
0-0: Called Strike 0-1: Called Strike 0-2: Foul Ball, location: 2F 0-2: Ball Balk! Fernando Camacho to third Santo Cruz to second 1-2: Fly out, F7 (Flyball, 7LM) Runner from 3rd tags up, SCORES, throw made
|
Batting: RHB Buck Jones
|
0-0: Called Strike 0-1: Foul Ball, location: 2F 0-2: Foul Ball, location: 2F 0-2: Ball 1-2: Ground out 5-3 (Groundball, 56)
|
Batting: RHB Gerald Burnett
|
0-0: Ball Balk! Santo Cruz to third 1-0: Ball 2-0: Ground out 5-3 (Groundball, 5)
|
Bottom of the 3rd over - 1 run(s), 1 hit(s), 0 error(s), 1 left on base; Mile High 1 - Houston 2 |
TOP OF THE 4TH |
Mile High Broncos batting - Pitching for Houston Hammertime : RHP Norberto Méndez
|
Batting: LHB Bill Houston
|
0-0: Ball 1-0: Ball 2-0: Foul Ball, location: 2F 2-1: Swinging Strike 2-2: Ball 3-2: Base on Balls
|
Batting: RHB José Herrera
|
0-0: Ball 1-0: Called Strike 1-1: Foul Ball, location: 2F 1-2: Foul Ball, location: 2F 1-2: Strikes out swinging
|
Batting: RHB Michael MacDonald
|
0-0: Called Strike 0-1: Ball 1-1: Fly out, F7 (Flyball, 7S)
|
Batting: RHB Ximena Campos
|
0-0: Ball 1-0: Ball 2-0: Called Strike 2-1: Ball 3-1: Fly out, F8 (Flyball, 8LM)
|
Top of the 4th over - 0 run(s), 0 hit(s), 0 error(s), 1 left on base; Mile High 1 - Houston 2 |
BOTTOM OF THE 4TH |
Houston Hammertime batting - Pitching for Mile High Broncos : RHP Hokusai Nakashima
|
Batting: LHB Felipe Cruz
|
0-0: Foul Ball, location: 2F 0-1: Swinging Strike 0-2: Strikes out swinging
|
Batting: RHB Moo-hyun Pak
|
0-0: Called Strike 0-1: Swinging Strike 0-2: Strikes out swinging
|
Batting: RHB Robert Powell
|
0-0: Ball 1-0: Foul Ball, location: 2F 1-1: Foul Ball, location: 2F 1-2: Fly out, F8 (Flyball, 8RM)
|
Bottom of the 4th over - 0 run(s), 0 hit(s), 0 error(s), 0 left on base; Mile High 1 - Houston 2 |
TOP OF THE 5TH |
Mile High Broncos batting - Pitching for Houston Hammertime : RHP Norberto Méndez
|
Batting: RHB Juan Gonzáles
|
0-0: Ball 1-0: Ball 2-0: Called Strike 2-1: Ball 3-1: Foul Ball, location: 2F 3-2: Base on Balls
|
Pitching: RHP Júlio Martínez
|
|
Batting: RHB Damian Yates
|
0-0: Called Strike 0-1: Foul Ball, location: 2F 0-2: Ball 1-2: Strikes out looking
|
Batting: RHB Juan Jose Guevana
|
0-0: Fly out, F8 (Flyball, 8LD)
|
Batting: LHB Diego González
|
0-0: Ball 1-0: Ball 2-0: Fly out, F8 (Flyball, 8LS)
|
Top of the 5th over - 0 run(s), 0 hit(s), 0 error(s), 1 left on base; Mile High 1 - Houston 2 |
BOTTOM OF THE 5TH |
Houston Hammertime batting - Pitching for Mile High Broncos : RHP Hokusai Nakashima
|
Batting: RHB Mario Beltrán
|
0-0: Ball 1-0: Foul Ball, location: 2F 1-1: Swinging Strike 1-2: Ball 2-2: Ball 3-2: DOUBLE (Line Drive, 78XD) - OUT at third base trying to stretch hit.
|
Batting: LHB Fernando Camacho
|
0-0: Ground out 1-3 (Groundball, 34S)
|
Batting: RHB Santo Cruz
|
0-0: Fly out, F9 (Flyball, 9S)
|
Bottom of the 5th over - 0 run(s), 1 hit(s), 0 error(s), 0 left on base; Mile High 1 - Houston 2 |
TOP OF THE 6TH |
Mile High Broncos batting - Pitching for Houston Hammertime : RHP Júlio Martínez
|
Batting: RHB Phil White
|
0-0: Ball 1-0: Called Strike 1-1: Foul Ball, location: 2F 1-2: Fly out, F4 (Popup, 4D)
|
Batting: LHB Bill Houston
|
0-0: Ball 1-0: Called Strike 1-1: Foul Ball, location: 2F 1-2: Strikes out looking
|
Batting: RHB José Herrera
|
0-0: Ball 1-0: Foul Ball, location: 2F 1-1: Called Strike 1-2: Strikes out swinging
|
Top of the 6th over - 0 run(s), 0 hit(s), 0 error(s), 0 left on base; Mile High 1 - Houston 2 |
BOTTOM OF THE 6TH |
Houston Hammertime batting - Pitching for Mile High Broncos : RHP Hokusai Nakashima
|
Batting: LHB José Villegas
|
0-0: Ball 1-0: Ball 2-0: Swinging Strike 2-1: SINGLE (Groundball, 34D)
|
Batting: RHB Buck Jones
|
0-0: Ball 1-0: Ball 2-0: Fly out, F8 (Flyball, 8RM)
|
Batting: RHB Gerald Burnett
|
0-0: Called Strike 0-1: Called Strike 0-2: Ball 1-2: Strikes out looking
|
Batting: LHB Felipe Cruz
|
0-0: Ball 1-0: Ball 2-0: Called Strike 2-1: Ball 3-1: Ground out 3-1 (Groundball, 3)
|
Bottom of the 6th over - 0 run(s), 1 hit(s), 0 error(s), 1 left on base; Mile High 1 - Houston 2 |
TOP OF THE 7TH |
Mile High Broncos batting - Pitching for Houston Hammertime : RHP Júlio Martínez
|
Pitching: RHP Ramiro Rivera
|
|
Batting: RHB Michael MacDonald
|
0-0: Ball 1-0: Foul Ball, location: 2F 1-1: SINGLE (Groundball, 4MD)
|
Batting: RHB Ximena Campos
|
0-0: Ball 1-0: Swinging Strike 1-1: Called Strike 1-2: Strikes out swinging
|
Batting: RHB Juan Gonzáles
|
0-0: Foul Ball, location: 2F 0-1: Foul Ball, location: 2F 0-2: Ball 1-2: Ball 2-2: Strikes out swinging
|
Batting: RHB Damian Yates
|
0-0: Ball 1-0: Ball 2-0: Ball Michael MacDonald steals 2nd base 3-0: Called Strike 3-1: Swinging Strike 3-2: Foul Ball, location: 2F 3-2: SINGLE (Groundball, 34D) (infield hit) Michael MacDonald to third
|
Batting: RHB Juan Jose Guevana
|
0-0: Fielders Choice at 2nd, 6-4 (Groundball, 6MS)
|
Top of the 7th over - 0 run(s), 2 hit(s), 0 error(s), 1 left on base; Mile High 1 - Houston 2 |
BOTTOM OF THE 7TH |
Houston Hammertime batting - Pitching for Mile High Broncos : RHP Hokusai Nakashima
|
Batting: RHB Moo-hyun Pak
|
0-0: Called Strike 0-1: Ball 1-1: Ball 2-1: Ball 3-1: Base on Balls
|
Batting: RHB Robert Powell
|
0-0: Called Strike 0-1: Called Strike 0-2: Ball 1-2: Foul Ball, location: 2F 1-2: Foul Ball, location: 2F 1-2: Strikes out swinging
|
Batting: RHB Mario Beltrán
|
0-0: Ball 1-0: Foul Ball, location: 2F 1-1: Swinging Strike 1-2: Strikes out swinging
|
Pitching: LHP Jorge García
|
|
Batting: LHB Fernando Camacho
|
0-0: Ball 1-0: Ball 2-0: Ball 3-0: Ground out 4-3 (Groundball, 4)
|
Bottom of the 7th over - 0 run(s), 0 hit(s), 0 error(s), 1 left on base; Mile High 1 - Houston 2 |
TOP OF THE 8TH |
Mile High Broncos batting - Pitching for Houston Hammertime : RHP Ramiro Rivera
|
Pitching: RHP Ricardo Ontiveros
|
|
Batting: LHB Diego González
|
0-0: Called Strike 0-1: Ball 1-1: Ball 2-1: Ball 3-1: Swinging Strike 3-2: Foul Ball, location: 2F 3-2: Strikes out swinging
|
Batting: RHB Phil White
|
0-0: Ball 1-0: Foul Ball, location: 2F 1-1: Foul Ball, location: 2F 1-2: Strikes out swinging
|
Batting: LHB Bill Houston
|
0-0: Ball 1-0: SINGLE (Line Drive, 34D)
|
Batting: RHB José Herrera
|
0-0: Foul Ball, location: 2F 0-1: Fielders Choice at 2nd, 6-4 (Groundball, 6)
|
Top of the 8th over - 0 run(s), 1 hit(s), 0 error(s), 0 left on base; Mile High 1 - Houston 2 |
BOTTOM OF THE 8TH |
Houston Hammertime batting - Pitching for Mile High Broncos : LHP Jorge García
|
Batting: RHB Santo Cruz
|
0-0: Ball 1-0: Ball 2-0: Ball 3-0: Base on Balls
|
Batting: LHB José Villegas
|
0-0: Sac Bunt - play at first, batter OUT! 1-4 Santo Cruz to second
|
Batting: RHB Buck Jones
|
0-0: Ball Santo Cruz steals 3rd base 1-0: Ball 2-0: Fly out, F3 (Popup, 3L)
|
Batting: RHB Gerald Burnett
|
0-0: Ball 1-0: Ball 2-0: Called Strike 2-1: Ball 3-1: Foul Ball, location: 2F 3-2: Fly out, F9 (Flyball, 9LDF)
|
Bottom of the 8th over - 0 run(s), 0 hit(s), 0 error(s), 1 left on base; Mile High 1 - Houston 2 |
TOP OF THE 9TH |
Mile High Broncos batting - Pitching for Houston Hammertime : RHP Ricardo Ontiveros
|
Pitching: RHP António Mata
|
|
Pinch Hitting: RHB António Martínez
|
0-0: Ball 1-0: Ball 2-0: Foul Ball, location: 2F 2-1: Foul Ball, location: 2F 2-2: Foul Ball, location: 2F 2-2: Foul Ball, location: 2F 2-2: Strikes out swinging
|
Batting: RHB Ximena Campos
|
0-0: Fly out, F7 (Flyball, 7D)
|
Batting: RHB Juan Gonzáles
|
0-0: Ball 1-0: Ball 2-0: Foul Ball, location: 2F 2-1: Ball 3-1: Base on Balls
|
Batting: RHB Damian Yates
|
0-0: Ball 1-0: Ball 2-0: Called Strike 2-1: Called Strike 2-2: Foul Ball, location: 2F 2-2: Foul Ball, location: 2F 2-2: Ball 3-2: SINGLE (Groundball, 34) Juan Gonzáles to second Juan Gonzáles to third
|
Batting: RHB Juan Jose Guevana
|
0-0: 3-RUN HOME RUN (Flyball, 7D), Distance : 416 ft
|
Pitching: RHP León Gómez
|
|
Batting: LHB Diego González
|
0-0: Foul Ball, location: 2F 0-1: Swinging Strike 0-2: Strikes out swinging
|
Top of the 9th over - 3 run(s), 2 hit(s), 0 error(s), 0 left on base; Mile High 4 - Houston 2 |
BOTTOM OF THE 9TH |
Houston Hammertime batting - Pitching for Mile High Broncos : LHP Jorge García
|
Pitching: RHP Yong-taek Yi
|
|
Now at 3B: Tom Stevens
|
|
Now at SS: Vincente Ventura
|
|
Batting: LHB Felipe Cruz
|
0-0: SINGLE (Line Drive, 4MD)
|
Batting: RHB Moo-hyun Pak
|
0-0: Ball 1-0: Foul Ball, location: 2F 1-1: Ball 2-1: Foul Ball, location: 2F 2-2: Strikes out looking
|
Pinch Hitting: LHB Jerry Ritchie
|
0-0: Ball 1-0: Foul Ball, location: 2F 1-1: Swinging Strike 1-2: Strikes out swinging
|
Batting: RHB Mario Beltrán
|
0-0: Called Strike 0-1: Foul Ball, location: 2F 0-2: Strikes out swinging
|
Bottom of the 9th over - 0 run(s), 1 hit(s), 0 error(s), 1 left on base; Mile High 4 - Houston 2 |
|